AoeStats
← thejavamonk

Arena

510717318Analyzed
1v1 RM · 15h ago on Oct 2, 2026· 67m 21s· 2 players
Game mode
Random Map
Map size
Tiny (2 player)
Population
200
Speed
Normal
Resources
Standard
Victory
Conquest
Starting age
Dark Age
Ending age
Imperial Age
RankedLock teamsTeams togetherTeam positionsShared explorationLock speedFull tech treeHidden civsTurbo modeCheats
Victory
Defeat
🇪🇸 Teutons · Spain
199
+17
🇮🇳 Byzantines · India
227
-17
Catalonia4ever
0:37 Loom
11:56 Feudal Age
13:15 Wheelbarrow
13:12 Double-Bit Axe
14:12 Gold Mining
14:22 Town Watch
16:09 Stone Mining
17:25 Horse Collar
24:45 Castle Age
23:16 Fletching
24:23 Forging
25:40 Bow Saw
25:34 Heavy Plow
26:08 Hand Cart
25:23 Pikeman
27:00 Stone Shaft Mining
26:45 Crossbowman
29:01 Town Patrol
30:35 Ballistics
32:07 Squires
31:54 Elite Skirmisher
32:50 Bodkin Arrow
38:51 Imperial Age
37:39 Iron Casting
37:18 Masonry
36:59 Guard Tower
37:21 Fortified Wall
37:04 Arson
40:36 Two-Man Saw
40:10 Crop Rotation
40:44 Chemistry
39:30 Arrowslits
40:01 Cavalier
41:17 Conscription
42:45 Blast Furnace
42:16 Bombard Tower
42:17 Bloodlines
43:23 Crenellations
43:34 Elite Teutonic Knight
45:27 Hoardings
45:58 Halberdier
51:14 Keep
50:48 Siege Engineers
50:51 Paladin
52:02 Ironclad
52:21 Gambesons
thejavamonk
0:36 Loom
13:14 Feudal Age
15:14 Horse Collar
15:24 Double-Bit Axe
21:19 Castle Age
22:25 Husbandry
23:04 Bow Saw
24:20 Heavy Plow
24:29 Gold Mining
27:17 Stone Mining
27:58 Pikeman
28:38 Squires
28:25 Arson
28:26 Gambesons
29:02 Thumb Ring
31:45 Thumb Ring
31:01 Crossbowman
34:15 Imperial Age
33:56 Wheelbarrow
35:28 Gold Shaft Mining
35:31 Stone Shaft Mining
36:25 Halberdier
36:37 Cavalier
39:36 Hand Cart
40:43 Two-Man Saw
40:19 Crop Rotation
39:33 Heavy Camel Rider
42:07 Arbalester
44:58 Guilds
45:18 Coinage
46:08 Paladin
47:37 Hoardings
48:07 Capped Ram
48:19 Elite Varangian Guard
48:23 Light Cavalry
48:30 Man-at-Arms
50:04 Conscription
49:52 Greek Fire
50:05 Logistica
51:11 Chemistry
50:23 Fortified Wall
50:10 Murder Holes
49:56 Treadmill Crane
50:07 Guard Tower
52:00 Ballistics
51:26 Arrowslits
51:36 Siege Ram
60:53 Elite Cataphract
Connection lost

Rejoining the realm…

Still unreachable

The connection could not be restored.

Session expired

The server has moved on; the page needs a fresh start.